 Dungeon Crawl Stone Soup version 0.20.1-1-g8b1a95d (webtiles) character file.

137 Agrougrou the Skirmisher (level 5, -2/42 HPs)
             Began as a Demonspawn Fighter on Aug 30, 2017.
             Slain by a gnoll
             ... wielding a +0 spear
              (4 damage)
             ... on level 3 of the Dungeon.
             The game lasted 00:04:51 (2462 turns).

Agrougrou the Skirmisher (Demonspawn Fighter)       Turns: 2462, Time: 00:04:52

Health: -2/42      AC: 10    Str: 18    XL:     5   Next: 0%
Magic:  5/5        EV:  7    Int:  9    God:
Gold:   159        SH:  9    Dex: 12    Spells: 4/4 levels left

rFire    . . .     SeeInvis .   a - +0 war axe
rCold    . . .     Gourm    .   c - +0 shield
rNeg     + . .     Faith    .   b - +0 scale mail
rPois    .         Spirit   .   (helmet restricted)
rElec    .         Reflect  .   g - +0 cloak
rCorr    .         Harm     .   (no gloves)
MR       +....                  (no boots)
Stlth    ..........             (no amulet)
Regen    0.2/turn               j - ring of protection from magic
MPRegen  0.1/turn               x - ring of positive energy

@: no status effects
A: horns 1, yellow scales 1, powered by pain 1
a: no special abilities


You were on level 3 of the Dungeon.
You were hungry.

You visited 1 branch of the dungeon, and saw 3 of its levels.

You collected 159 gold pieces.

Inventory:

Hand Weapons
 a - a +0 war axe (weapon)
Missiles
 y - 7 javelins (quivered)
Armour
 b - a +0 scale mail (worn)
 c - a +0 shield (worn)
 g - a +0 cloak (worn)
Jewellery
 j - a ring of protection from magic (left hand)
 o - an uncursed ring of resist corrosion
 x - a ring of positive energy (right hand)
Scrolls
 e - 2 scrolls of identify {unknown}
 h - a scroll of recharging {unknown}
 i - a scroll of enchant weapon {unknown}
 p - a scroll of magic mapping {unknown}
 r - 2 scrolls of fear {unknown}
 s - a scroll of blinking {unknown}
 u - a scroll of remove curse {unknown}
 v - 2 scrolls of teleportation {unknown}
 w - a scroll of enchant armour {unknown}
Potions
 d - a potion of might
 m - a potion of brilliance {unknown}
 q - 2 potions of agility {unknown}
 t - a potion of curing {unknown}
Comestibles
 f - 3 bread rations
 k - 2 royal jellies
 l - 2 chunks of flesh
 n - a meat ration


   Skills:
 + Level 3.7 Fighting
 + Level 2.9 Axes
 + Level 3.3 Armour
 + Level 1.0 Dodging
 + Level 3.3 Shields


You had 4 spell levels left.
You didn't know any spells.

Dungeon Overview and Level Annotations

Branches:
Dungeon (3/15)

Altars:
Cheibriados
Gozag
Xom
Zin


Innate Abilities, Weirdness & Mutations

You have a pair of small horns on your head.
You are partially covered in yellow scales. (AC +2)
You sometimes gain a little power by taking damage.


Message History

The gnoll hits you from afar with a spear!
* * * LOW HITPOINT WARNING * * *
The hobgoblin hits you but does no damage.
You barely miss the gnoll. You headbutt the gnoll.
The gnoll is lightly wounded.
You closely miss the hobgoblin. You block the gnoll's attack.
The gnoll completely misses you. You block the hobgoblin's attack.
You slash the gnoll! You headbutt the gnoll.
You kill the gnoll!
Your Dodging skill increases to level 1!
You have reached level 5!
Your demonic ancestry asserts itself...
You feel energised by your suffering.
You hit the hobgoblin.
The gnoll hits you from afar with a spear.
* * * LOW HITPOINT WARNING * * *
The hobgoblin hits you.
* * * LOW HITPOINT WARNING * * *
The gnoll hits you from afar with a spear.
You die...

###.#.#####..##.#
.............##.#
#............##.# #
##########
#..#..#####..##.#
.###......<.. #.###..#
#..##.# ....#.#######.
#..#...####..##.##.....#
#.
#...............).......
#.
#.#.#..........g##.....#
#.
#.....##########@.......
#. ....#.# #)##...## #.
#.###.# #g# ... ## #.
#.# #.# #g# # #...#. #.#
#.# #.# #..... #.###.##
#.# #..... #......# #.#
##.### #####..# #.# #.
#..# #


You could see 2 gnolls and a hobgoblin.

Vanquished Creatures
  2 gnolls (D:3)
  5 adders
  2 worms (D:2)
  2 dart slugs (D:2)
  2 leopard geckos
  An orc (D:3)
  4 ball pythons
  8 bats
  7 goblins
  3 hobgoblins
  4 jackals (D:3)
  10 kobolds
  5 frilled lizards
  9 rats
64 creatures vanquished.

Notes
Turn   | Place    | Note
-------+----------+-------------------------------------------
     0 | D:1      | Agrougrou the Demonspawn Fighter began the quest for the Orb.
     0 | D:1      | Reached XP level 1. HP: 18/18 MP: 1/1
   369 | D:1      | Gained mutation: You have a pair of small horns on your head. [demonic ancestry]
   369 | D:1      | Reached XP level 2. HP: 21/24 MP: 2/2
   738 | D:2      | Found a snail-covered altar of Cheibriados.
  1142 | D:2      | Found an opulent altar of Gozag.
  1224 | D:2      | Reached XP level 3. HP: 28/29 MP: 3/3
  1679 | D:2      | Found a glowing silver altar of Zin.
  1692 | D:2      | Gained mutation: You are partially covered in yellow scales. (AC +2) [demonic ancestry]
  1692 | D:2      | Reached XP level 4. HP: 35/36 MP: 4/4
  2411 | D:3      | Found a shimmering altar of Xom.
  2462 | D:3      | Reached skill level 1 in Dodging
  2462 | D:3      | Gained mutation: You sometimes gain a little power by taking damage. [demonic ancestry]
  2462 | D:3      | Reached XP level 5. HP: 7/42 MP: 5/5
  2462 | D:3      | HP: 2/42 [hobgoblin (4)]
  2462 | D:3      | Slain by a gnoll

Skill      XL: |  1  2  3  4 |
---------------+-------------+-----
Armour         | 3 |  3.3
Axes           | 2 |  2.9
Shields        | 3 |  3.3
Dodging        | 1 |  1.0
Fighting       | |  3.7

Action                   |  1- 3 |  4- 6 || total
-------------------------+-------+-------++-------
Melee: War axe           |   102 |    70 ||   172
       Headbutt          |    17 |     8 ||    25
  Eat: Chunk             |     3 |     2 ||     5
Armor: Scale mail        |    45 |    34 ||    79
Dodge: Dodged            |    24 |    38 ||    62
Block: Shield            |    52 |    43 ||    95
